AoeStats
← Rupi the wise

Arena

508072263Analyzed
3v3 RM · 13d ago on Sep 20, 2026· 44m 51s· 6 players
Game mode
Random Map
Map size
Normal (6 player)
Population
200
Speed
Normal
Resources
Standard
Victory
Conquest
Starting age
Dark Age
Ending age
Imperial Age
RankedLock teamsTeams togetherTeam positionsShared explorationLock speedFull tech treeHidden civsTurbo modeCheats
Victory
Defeat
🇦🇷 Teutons · Argentina
1065
+14
🇦🇷 Bohemians · Argentina
1053
+14
🇦🇷 Franks · Argentina
1003
+17
🇩🇪 Bohemians · Germany
1046
-16
🇩🇪 Turks · Germany
1017
-15
🇺🇸 Poles · United States
986
-14
Ciconico
11:18 Feudal Age
12:33 Horse Collar
17:37 Castle Age
15:54 Double-Bit Axe
18:26 Heavy Plow
18:45 Bloodlines
19:39 Gold Mining
21:24 Szlachta Privileges
24:29 Scale Mail Armor
24:48 Pikeman
27:04 Husbandry
28:13 Wheelbarrow
30:23 Squires
30:39 Forging
30:35 Scale Barding Armor
34:00 Chain Mail Armor
34:54 Elite Skirmisher
36:05 Thumb Ring
37:48 Bow Saw
44:32 Imperial Age
Carbonara Knight
11:16 Feudal Age
17:10 Castle Age
18:46 Double-Bit Axe
19:13 Horse Collar
19:21 Pikeman
22:43 Chemistry
22:24 Loom
23:09 Padded Archer Armor
24:37 Treadmill Crane
29:00 Heavy Plow
30:49 Wheelbarrow
35:16 Imperial Age
35:07 Scale Mail Armor
35:23 Leather Archer Armor
35:26 Forging
35:48 Halberdier
36:30 Squires
36:30 Capped Ram
38:02 Hand Cart
39:04 Wagenburg Tactics
39:52 Chain Mail Armor
43:11 Conscription
Fabio-M91
10:55 Feudal Age
12:04 Double-Bit Axe
13:05 Horse Collar
15:46 Loom
18:35 Castle Age
25:31 Imperial Age
23:41 Padded Archer Armor
23:45 Heavy Plow
25:22 Wheelbarrow
25:34 Thumb Ring
26:14 Gold Mining
27:19 Hand Cart
29:28 Gold Shaft Mining
36:08 Bow Saw
36:24 Ballistics
36:16 Fortified Wall
36:23 Husbandry
36:33 Scale Barding Armor
36:38 Forging
36:44 Bloodlines
39:25 Artillery
43:10 Conscription
ferrossi405
3:19 Loom
11:34 Feudal Age
15:53 Castle Age
14:37 Double-Bit Axe
14:34 Horse Collar
21:04 Wheelbarrow
20:14 Town Watch
21:06 Fletching
29:42 Imperial Age
27:23 Bodkin Arrow
27:30 Gold Mining
27:27 Man-at-Arms
27:53 Gambesons
28:32 Forging
28:09 Long Swordsman
28:53 Scale Mail Armor
29:24 Fortified Wall
30:14 Iron Casting
29:42 Squires
29:53 Two-Handed Swordsman
31:43 Chemistry
31:04 Ballistics
31:20 Chain Mail Armor
32:05 Conscription
32:00 Pikeman
32:26 Arson
33:16 Town Patrol
34:16 Bow Saw
34:09 Heavy Plow
34:36 Guilds
36:12 Plate Mail Armor
37:38 Blast Furnace
37:39 Crop Rotation
38:20 Two-Man Saw
38:35 Hand Cart
37:48 Capped Ram
38:18 Champion
39:34 Masonry
41:19 Scale Barding Armor
41:15 Padded Archer Armor
42:01 Crenellations
42:05 Ironclad
43:20 Chain Barding Armor
44:36 Plate Barding Armor
elrudy
10:32 Feudal Age
11:54 Loom
15:02 Castle Age
13:07 Horse Collar
20:52 Wheelbarrow
21:33 Fletching
21:53 Double-Bit Axe
22:59 Padded Archer Armor
24:24 Crossbowman
25:34 Bodkin Arrow
25:10 Pikeman
26:57 Squires
27:42 Leather Archer Armor
28:40 Forging
28:57 Scale Mail Armor
31:47 Imperial Age
33:13 Chemistry
32:02 Halberdier
33:08 Bow Saw
33:00 Heavy Plow
32:47 Town Watch
33:10 Bracer
33:05 Arbalester
34:42 Ring Archer Armor
35:48 Ballistics
35:47 Hand Cart
35:32 Town Patrol
40:55 Conscription
41:15 Siege Engineers
41:23 Masonry
40:43 Houfnice
44:17 Wagenburg Tactics
Rupi the wise
10:57 Feudal Age
12:31 Loom
16:14 Castle Age
15:04 Double-Bit Axe
16:50 Wheelbarrow
23:16 Husbandry
26:02 Forging
26:07 Scale Barding Armor
28:19 Gold Mining
32:03 Imperial Age
33:11 Gold Shaft Mining
33:13 Chain Barding Armor
33:16 Bow Saw
33:27 Hand Cart
34:28 Iron Casting
34:38 Cavalier
36:14 Plate Barding Armor
36:40 Stone Mining
40:15 Paladin
Connection lost

Rejoining the realm…

Still unreachable

The connection could not be restored.

Session expired

The server has moved on; the page needs a fresh start.